 Dungeon Crawl Stone Soup version 0.30-a0-782-ge64f9170bb (webtiles) character file.

Game seed: 12151034211001742296

11 Dirtsage the Trooper (level 2, 24/24 HPs)
             Began as a Demonspawn Fighter on Feb 27, 2023.
             Quit the game on level 1 of the Dungeon.
             The game lasted 00:00:26 (158 turns).

Dirtsage the Trooper (Demonspawn Fighter)            Turns: 158, Time: 00:00:27

Health: 24/24      AC:  6    Str: 16    XL:     2   Next: 13%
Magic:  2/2        EV:  8    Int:  9    God:
Gold:   0          SH:  4    Dex: 12    Spells: 1/1 levels left

rFire   . . .      SeeInvis .    a - +0 war axe
rCold   . . .      Faith    .    c - +0 buckler
rNeg    . . .      Spirit   .    b - +0 scale mail
rPois   .          Reflect  .    (no helmet)
rElec   .          Harm     .    (no cloak)
rCorr   .          Rampage  .    (no gloves)
Will    .....                    (no boots) Stlth
                                 (no amulet)
HPRegen 0.24/turn                (no ring)
MPRegen 0.08/turn                (no ring)

@: no status effects
A: demonic touch 1
a: no special abilities


You were on level 1 of the Dungeon.
You visited 1 branch of the dungeon, and saw 1 of its levels.

Inventory:

Hand Weapons
 a - a +0 war axe (weapon)
Armour
 b - a +0 scale mail (worn)
 c - a +0 buckler (worn)
Potions
 d - a potion of might


   Skills:
 - Level 3.0 Fighting
 + Level 2.6 Axes
 - Level 2.6 Armour
 - Level 2.6 Shields


You had one spell level left.
You didn't know any spells.
Your spell library was empty.

Dungeon Overview and Level Annotations

Branches:
Dungeon (1/15)

Altars:


Innate Abilities, Weirdness & Mutations

Your touch may inflict minor irresistible damage on your foes.


Message History

You are too injured to fight recklessly!
You are too injured to fight recklessly!
The gnoll attacks as you move away! The gnoll hits you with a +0 flail!
Ouch! That really hurt!
* * * LOW HITPOINT WARNING * * *
The frilled lizard attacks as you move away!
The frilled lizard bites you but does no damage.
You take 8 damage, and have 4/18 hp.
MASSIVE DAMAGE!!
You closely miss the frilled lizard.
The frilled lizard bites you but does no damage.
You miss the frilled lizard. The frilled lizard closely misses you.
You block the frilled lizard's attack.
You miss the frilled lizard.
The frilled lizard bites you but does no damage.
You hit the frilled lizard.
You kill the frilled lizard!
The gnoll hits you with a +0 flail.
* * * LOW HITPOINT WARNING * * *
You take 3 damage, and have 2/18 hp.
You hit the gnoll.
The gnoll is moderately wounded.
The gnoll hits you but does no damage.
You closely miss the gnoll.
The gnoll is moderately wounded.
The gnoll barely misses you. The gnoll hits you with a +0 flail.
* * * LOW HITPOINT WARNING * * *
You take 1 damage, and have 1/18 hp.
You slash the gnoll!
You kill the gnoll!
Your Axes skill increases to level 2!
You have reached level 2!
Your demonic ancestry asserts itself...
Your hands begin to faintly glow with unholy energy.
MP restored: 2 You start resting.
HP restored.
Health restored: 24
Things that are here:
a +0 flail; a gnoll corpse Are you sure you want to abandon this character and quit the game? (Confirm with "yes".)

######## #....... ####
#.#####. ... ##†#####.
#.#########.....##.
#.@..........##.##.
#....##########.......
#..##. #####.### ..#
#. #.....# . ..
#.##### .# ####.####
.# #####.......# #
#.....##.##.#
#.....##.# #


There were no monsters in sight!

Vanquished Creatures
  A gnoll (D:1)
  A frilled lizard (D:1)
  A rat (D:1)
3 creatures vanquished.

Notes
Turn   | Place    | Note
-------+----------+-------------------------------------------
     0 | D:1      | Dirtsage the Demonspawn Fighter began the quest for the
                  | Orb.
     0 | D:1      | Reached XP level 1. HP: 18/18 MP: 1/1
    65 | D:1      | Gained mutation: Your touch may inflict minor irresistible
                  | damage on your foes. [demonic ancestry]
    65 | D:1      | Reached XP level 2. HP: 1/24 MP: 2/2
   158 | D:1      | Quit the game

Illustrated notes

Levels and vault maps discovered:
D:1:      lightli_arrival_maybe_door_vault, layout_loops_cross

Skill      XL: |  1 |
---------------+----+-----
Axes           | 2 |  2.6
Fighting       | |  3.0
Armour         | |  2.6
Shields        | |  2.6

Action                     || total
---------------------------++-------
  Melee: War axe           ||    14
 Armour: Scale mail        ||     5
  Dodge: Dodged            ||     6
  Block: Buckler           ||     5

Table legend: (Time is in decaauts)
 A = Elapsed time spent in this place.
 B = Non-inter-level travel time spent in this place.
 C = Inter-level travel time spent in this place.
 D = Time resting spent in this place.
 E = Time spent auto-exploring this place.
 F = Levels seen in this place.
 G = Mean time per level.
                   A        B        C        D        E       F      G
               +--------+--------+--------+--------+--------+-----+--------+
         Total |    164 |    164 |      0 |     92 |     47 |   1 |  164.0 |
       Dungeon |    164 |    164 |      0 |     92 |     47 |   1 |  164.0 |
               +--------+--------+--------+--------+--------+-----+--------+

Top non-repeatable levels by time:
     D:1: 164 daAuts
